 Dungeon Crawl Stone Soup version 0.25-a0-510-ge065f6de7d (webtiles) character file.

Game seed: 10042838917948295721, levelgen mode: deterministic

2593 Eurus the Magician (level 9, -3/65 HPs)
             Began as a Mummy Conjurer on Feb 15, 2020.
             Was an Initiate of Ashenzari.
             Slain by a wolf (5 damage)
             ... led by Grum
             ... on level 7 of the Dungeon.
             The game lasted 00:21:27 (9823 turns).

Eurus the Magician (Mummy Conjurer)                 Turns: 9823, Time: 00:21:28

Health: -3/65      AC:  3    Str: 11    XL:     9   Next: 33%
Magic:  29/29      EV: 12    Int: 17    God:    Ashenzari [......]
Gold:   436        SH:  5    Dex: 13    Spells: 16/23 levels left

rFire    x . .     SeeInvis .   d - +1 dagger (venom)
rCold    + + .     Gourm    .   (no shield)
rNeg     + + +     Faith    .   a - +0 robe
rPois    ∞         Spirit   .   (no helmet)
rElec    .         Reflect  +   (no cloak)
rCorr    .         Harm     .   (no gloves)
MR       +....                  o - +0 pair of boots
Stlth    ++........             j - +5 amulet of reflection (curse)
HPRegen  0.20/turn              b - ring of protection from cold
MPRegen  0.21/turn              r - ring of magical power

@: no status effects
A: no food or potions, fire vulnerability, cold resistance 1, negative energy
resistance 3, torment resistance, unbreathing
a: Curse Item, Renounce Religion


You were on level 7 of the Dungeon.
You worshipped Ashenzari.
Ashenzari was noncommittal.
You were not hungry.

You visited 2 branches of the dungeon, and saw 9 of its levels.

You collected 436 gold pieces.

Inventory:

Hand Weapons
 d - a +1 dagger of venom (weapon)
Armour
 a - a +0 robe (worn)
 l - a +2 chain mail of magic resistance
 o - a +0 pair of boots (worn)
Magical Staves
 h - an uncursed staff of earth
Jewellery
 b - a ring of protection from cold (left hand)
 j - a cursed +5 amulet of reflection (around neck)
 p - an uncursed ring of stealth
 r - a ring of magical power (right hand)
Wands
 n - a wand of iceblast (6)
Scrolls
 c - 4 scrolls of magic mapping
 e - a scroll of remove curse
 f - 3 scrolls of identify
 g - 3 scrolls of enchant armour
 i - a scroll of enchant weapon {unknown}
 k - 3 scrolls of amnesia {unknown}
 m - a scroll of teleportation
 q - a scroll of noise {unknown}


   Skills:
 - Level 4.2 Fighting
 * Level 4.5 Armour
 - Level 1.5 Dodging
 - Level 1.5 Stealth
 + Level 7.6 Spellcasting
 + Level 6.5 Conjurations
 + Level 4.1 Translocations


You had 16 spell levels left.
You knew the following spells:

 Your Spells              Type           Power        Failure   Level  Hunger
a - Magic Dart            Conj           ####         1%          1    N/A
b - Searing Ray           Conj           ####..       1%          2    N/A
c - Iskenderun's Mystic   Conj/Tloc      ###.....     12%         4    N/A

Your spell library contained the following spells:

 Spells                   Type           Power        Failure   Level  Hunger
 Apportation              Tloc           ###...       1%          1    N/A
 Dazzling Flash           Conj/Hex       ###...       9%          3    N/A
 Animate Skeleton         Necr           N/A          11%         1    N/A
 Corona                   Hex            #......      11%         1    N/A
 Summon Small Mammal      Summ           #...         11%         1    N/A
 Recall                   Summ/Tloc      N/A          14%         3    N/A
 Sticks to Snakes         Tmut           #.......     16%         2    N/A
 Fulminant Prism          Conj/Hex       ###.......   28%         4    N/A
 Summon Forest            Summ/Tloc      ##........   78%         5    N/A
 Aura of Abjuration       Summ           #.........   96%         5    N/A
 Summon Demon             Summ           #.........   96%         5    N/A
 Summon Mana Viper        Hex/Summ       #.......     96%         5    N/A
 Shadow Creatures         Summ           N/A          100%        6    N/A
 Beastly Appendage        Tmut           Unusable     N/A         1    N/A
 Spider Form              Tmut/Pois      Unusable     N/A         3    N/A
 Ice Form                 Ice/Tmut       Unusable     N/A         4    N/A
 Blade Hands              Tmut           Unusable     N/A         5    N/A

Dungeon Overview and Level Annotations

Branches:
Dungeon (8/15)             Temple (1/1) D:6
   Lair: D:8-11

Altars:
Ashenzari
Cheibriados
Dithmenos
Elyvilon
Fedhas
Gozag
Hepliaklqana
Kikubaaqudgha
Makhleb
Nemelex Xobeh
Okawaru
Qazlal
Ru
Sif Muna
Trog
Uskayaw
Vehumet
Wu Jian
Xom
Yredelemnul
Zin
The Shining One

Annotations:
D:2 exclusion: downstairs
D:5 Dowan, Duvessa, Sigmund
D:8 Grum, Pikel


Innate Abilities, Weirdness & Mutations

You do not eat or drink.
Your flesh is vulnerable to fire.
You are immune to poison.
Your flesh is cold resistant. (rC+)
You are immune to negative energy. (rN+++)
You are immune to unholy pain and torment.
You can survive without breathing.


Message History

You miss the wolf.
The wolf is moderately wounded.
The wolf closely misses you. The wolf barely misses you.
You block the wolf's attack. The wolf bites you! The wolf barely misses you.
The wolf closely misses you.
You hit the wolf.
The wolf looks as sick as possible!
The wolf is heavily wounded.
You block the wolf's attack. The wolf bites you!
* * * LOW HITPOINT WARNING * * *
The wolf closely misses you. The wolf bites you.
* * * LOW HITPOINT WARNING * * *
You block the wolf's attack. The wolf barely misses you.
You hit the wolf.
The wolf is severely wounded.
The wolf closely misses you. You block the wolf's attack. The wolf bites you!
* * * LOW HITPOINT WARNING * * *
You hit the wolf.
The wolf is severely wounded.
The wolf bites you.
You die...

#.......# #.#.##..#
#.#.##..# #...##..#
#........
###########....#..#
####...........#.....#
#...hh########.......#
#.###@# ###.##### #.#
#h# #.# #.###.# #.#
#.....# ##'## ###.###
##...## #>####
##.....## #.##.##
##.......##
#.#...####.........#
#........'.........'


You could see 3 wolves.

Vanquished Creatures
  A wraith (D:7)
  Edmund (D:6)
  4 phantoms
  2 sky beasts (D:6)
  A necrophage (D:6)
  4 centaurs
  4 ogres
  3 bullfrogs
  2 scorpions
  A howler monkey (D:6)
  A crimson imp (D:6)
  A bullfrog skeleton (D:6)
  2 hounds
  A centaur zombie (D:6)
  2 orc priests (D:7)
  2 gnoll shamans
  2 iguanas
  3 orc wizards
  A worker ant (D:3)
  A hound skeleton (D:6)
  6 adders
  12 gnolls
  3 shadow imps
  A worm (D:2)
  4 leopard geckos
  14 orcs
  5 bats
  4 giant cockroaches
  2 goblins (D:3)
  5 hobgoblins
  10 jackals
  2 quokkas
  A ball python (D:1)
  A frilled lizard (D:2)
  A jackal skeleton (D:6)
  6 kobolds
  A leopard gecko skeleton (D:5)
  5 rats
122 creatures vanquished.

Notes
Turn   | Place    | Note
-------+----------+-------------------------------------------
     0 | D:1      | Eurus the Mummy Conjurer began the quest for the Orb.
     0 | D:1      | Reached XP level 1. HP: 13/13 MP: 4/4
   607 | D:1      | Reached XP level 2. HP: 20/20 MP: 2/5
   702 | D:1      | Reached skill level 3 in Spellcasting
   893 | D:2      | Reached skill level 1 in Fighting
  1239 | D:1      | Reached XP level 3. HP: 7/26 MP: 7/7
  1243 | D:1      | Learned a level 2 spell: Searing Ray
  1620 | D:2      | Found a faded altar of an unknown god.
  1734 | D:2      | Found a stormy altar of Qazlal.
  2141 | D:2      | Reached XP level 4. HP: 32/32 MP: 4/9
  3050 | D:3      | Found a white marble altar of Elyvilon.
  3283 | D:3      | Noticed an ogre
  3300 | D:3      | Killed an ogre
  3300 | D:3      | Reached skill level 4 in Spellcasting
  3300 | D:3      | Reached XP level 5. HP: 39/39 MP: 4/11
  3574 | D:3      | Reached XP level 6. HP: 13/46 MP: 7/12
  3580 | D:3      | Learned a level 4 spell: Iskenderun's Mystic Blast
  3831 | D:4      | Reached skill level 5 in Conjurations
  3906 | D:4      | Reached skill level 5 in Spellcasting
  3906 | D:4      | Reached skill level 1 in Translocations
  4013 | D:4      | Reached XP level 7. HP: 37/52 MP: 6/14
  4880 | D:5      | Entered Level 5 of the Dungeon
  5411 | D:5      | Noticed Duvessa
  5441 | D:5      | Noticed Sigmund
  5723 | D:6      | Found a staircase to the Ecumenical Temple.
  5730 | Temple   | Entered the Ecumenical Temple
  5923 | Temple   | Became a worshipper of Ashenzari the Shackled
  5968 | D:6      | Reached skill level 6 in Spellcasting
  6022 | D:6      | Reached XP level 8. HP: 60/60 MP: 12/17
  6168 | D:6      | Reached skill level 1 in Armour
  6643 | D:6      | Noticed Edmund
  6674 | D:6      | Killed Edmund
  7612 | D:6      | Reached skill level 7 in Spellcasting
  7850 | D:5      | Noticed Dowan
  7933 | D:7      | Reached XP level 9. HP: 62/65 MP: 15/19
  9615 | D:8      | Noticed Pikel
  9813 | D:8      | Noticed Grum
  9813 | D:8      | Noticed a two-headed ogre
  9822 | D:7      | HP: 2/65 [wolf[Grum] (8)]
  9823 | D:7      | Slain by a wolf

Levels and vault maps discovered:
D:1:      erik_arrival_blinker_ship, layout_basic, st_stairs_8
D:2:      minmay_angry_zag, layout_basic,
          chequers_ecumenical_altar_simple_redux, first_ration,
          nicolae_qazlal_general_emergency
D:3:      layout_basic, elyvilon_altar_5
D:4:      layout_rooms
D:5:      layout_loops_cross, uniq_duvessa, uniq_eustachio, uniq_sigmund
D:6:      cheibrodos_barr_body, layout_basic, minmay_temple_entry_tees,
          nrook_uturn, minivault_22, minmay_circle_x, uniq_edmund
D:7:      layout_loops_corners
D:8:      layout_layer_cave, nicolae_ossuary_entry_false_entrances, uniq_maggie,
          uniq_harold, uniq_grum, uniq_pikel, uniq_psyche
Temple:   minmay_crystal_snake_temple

Skill      XL: |  1  2  3  4  5  6  7  8  9 |
---------------+----------------------------+-----
Spellcasting   | 3 4 5 6 7 |  7.6
Fighting       | 1 2 3 4 |  4.2
Conjurations   | 4 5 6 |  6.5
Translocations | 1 2 3 4 |  4.1
Armour         | 3 4 |  4.5
Dodging        | |  1.5
Stealth        | |  1.5

Action                   |  1- 3 |  4- 6 |  7- 9 || total
-------------------------+-------+-------+-------++-------
Melee: Dagger            |    36 |    56 |    54 ||   146
 Cast: Magic Dart        |    41 |    18 |    50 ||   109
       Searing Ray       |     2 |     9 |    51 ||    62
Invok: Curse Item        |       |       |     1 ||     1
  Use: Scroll            |       |       |     7 ||     7
 Stab: Sleeping          |       |       |     1 ||     1
Armor: Robe              |     9 |     8 |    14 ||    31
Dodge: Dodged            |    24 |    52 |   112 ||   188
Block: Other             |       |       |    27 ||    27
       Reflection        |       |       |     3 ||     3

Table legend:
 A = Non-vault XP
 B = Vault XP
 C = Vault XP percentage of total XP
 D = Non-vault monster count
 E = Vault monster count
 F = Vault count percentage of total count
                 A         B        C        D         E       F
            +---------+---------+-------+---------+---------+-------
      Total |    2631 |    1074 |  29.0 |     100 |      22 |  18.0
            +---------+---------+-------+---------+---------+-------
        D:1 |      25 |       4 |  13.8 |       9 |       2 |  18.2
        D:2 |     112 |      10 |   8.2 |      16 |       4 |  20.0
        D:3 |     315 |       0 |   0.0 |      22 |       0 |   0.0
        D:4 |     540 |       0 |   0.0 |      16 |       0 |   0.0
        D:5 |     168 |       0 |   0.0 |       5 |       0 |   0.0
        D:6 |     551 |    1060 |  65.8 |      13 |      16 |  55.2
        D:7 |     914 |       0 |   0.0 |      17 |       0 |   0.0
        D:8 |       6 |       0 |   0.0 |       2 |       0 |   0.0
            +---------+---------+-------+---------+---------+-------
